 Dungeon Crawl Stone Soup version 0.22.1-1-ga44c0e5 (webtiles) character file.

10374 Irenicus the Pandemonic (level 11, -6/90 HPs)
             Began as a Deep Dwarf Monk on Oct 7, 2018.
             Was a High Priest of Makhleb.
             Mangled by an unseen horror (9 damage)
             ... on level 10 of the Dungeon.
             The game lasted 00:41:31 (5477 turns).

Irenicus the Pandemonic (Deep Dwarf Monk)           Turns: 5477, Time: 00:41:32

Health: -6/90      AC:  8    Str: 15    XL:     11   Next: 35%
Magic:  20/20      EV: 19    Int: 16    God:    Makhleb [*****.]
Gold:   691        SH:  4    Dex: 18    Spells: 10/10 levels left

rFire    + + .     SeeInvis .   d - +2 whip (elec)
rCold    + . .     Gourm    .   (no shield)
rNeg     . . .     Faith    .   s - +0 leather armour
rPois    .         Spirit   .   F - +2 hat
rElec    .         Reflect  +   j - scarf {rC+ rF+}
rCorr    .         Harm     .   v - +0 pair of gloves
MR       ++...                  h - +1 pair of boots
Stlth    ++........             p - +4 amulet of reflection
HPRegen  0.00/turn              t - ring of protection from fire {rF+, !d}
MPRegen  0.17/turn              A - ring of protection from magic (curse) {MR+, !d}

@: brilliant, non-regenerating
A: damage resistance, heal wounds, sense surroundings 2, no regeneration
a: Heal Wounds, Minor Destruction, Lesser Servant of Makhleb, Major Destruction,
Greater Servant of Makhleb, Renounce Religion


You were on level 10 of the Dungeon.
You worshipped Makhleb.
Makhleb was extremely pleased with you.
You were not hungry.

You visited 1 branch of the dungeon, and saw 10 of its levels.

You collected 691 gold pieces.

Inventory:

Hand Weapons
 a - a +0 hand axe
 d - a +2 whip of electrocution (weapon)
   (You took it off a gnoll on level 1 of the Dungeon)
 q - a +1 whip of flaming
   (You took it off Pikel on level 6 of the Dungeon)
Missiles
 y - 3 throwing nets {=f, !d}
Armour
 h - a +1 pair of boots (worn)
   (You found it on level 2 of the Dungeon)
 j - a scarf of resistance (worn)
   (You found it on level 8 of the Dungeon)
 s - a +0 leather armour (worn)
   (You took it off Duvessa on level 4 of the Dungeon)
 v - a +0 pair of gloves (worn)
   (You found it on level 7 of the Dungeon)
 E - a +0 helmet
   (You found it on level 10 of the Dungeon)
 F - a +2 hat (worn)
   (You took it off Gastronok on level 9 of the Dungeon)
Magical Staves
 x - an uncursed staff of earth
   (You found it on level 8 of the Dungeon)
Jewellery
 p - a +4 amulet of reflection (around neck)
   (You found it on level 3 of the Dungeon)
 t - a ring of protection from fire (left hand) {rF+, !d}
   (You found it on level 5 of the Dungeon)
 A - a cursed ring of protection from magic (right hand) {MR+, !d}
   (You found it on level 9 of the Dungeon)
 B - an uncursed ring of magical power {MP+9}
   (You found it on level 9 of the Dungeon)
Wands
 k - a wand of paralysis (25)
   (You found it on level 2 of the Dungeon)
Scrolls
 e - 4 scrolls of magic mapping {!r}
 f - 4 scrolls of remove curse
 i - 2 scrolls of enchant armour
 l - 6 scrolls of teleportation
 n - 2 scrolls of fog {unknown}
 r - 2 scrolls of immolation {unknown}
 u - a scroll of brand weapon {unknown}
 w - a scroll of noise {unknown}
 z - 2 scrolls of identify
 G - a scroll of fear {unknown}
Potions
 b - a potion of magic
 g - a potion of haste
 m - 5 potions of curing
 o - a potion of mutation {!q}
Miscellaneous
 D - a sack of spiders
Comestibles
 c - 22 rations


   Skills:
 - Level 3.3 Fighting
 + Level 11.7(12.0) Axes
 - Level 4.0(8.1) Maces & Flails
 + Level 1.7 Armour
 - Level 10.2 Dodging
 - Level 2.4 Stealth
 - Level 12.2 Invocations
 + Level 5.5 Evocations


You had 10 spell levels left.
You didn't know any spells.
Your spell library contained the following spells:

 Spells                   Type           Power        Failure   Level  Hunger
 Magic Dart               Conj           #...         3%          1    ##.....
 Blink                    Tloc           N/A          5%          2    ###....
 Call Imp                 Summ           #.......     5%          2    ###....
 Slow                     Hex            #.......     5%          2    ###....
 Conjure Flame            Conj/Fire      #.......     11%         3    ####...
 Mephitic Cloud           Conj/Pois/Air  #.......     11%         3    ####...


Dungeon Overview and Level Annotations

Branches:
Dungeon (10/15)            Temple (0/1) D:6            Lair (0/6) D:10
    Orc (0/2) D:10

Altars:
Ashenzari
Cheibriados
Elyvilon
Gozag
Hepliaklqana
Kikubaaqudgha
Makhleb
Qazlal
Ru
Sif Muna
Xom
Yredelemnul
Zin
The Shining One
Beogh

Shops:
D:9 ?

Annotations:
D:4 2 transporters
D:6 2 transporters, Menkaure
D:10 3 runed doors, Caim's ghost, journeyman DECj


Innate Abilities, Weirdness & Mutations

You are resistant to damage.
You can heal yourself by infusing magical energy.
You passively map the area around you.
You do not regenerate.


Message History

You feel better.
The kobold throws a stone.
The stone barely misses you. The kobold misses you.
The big kobold closely misses you.
You hit the kobold but do no damage. The kobold completely misses you.
The kobold hits you but does no damage. The big kobold closely misses you.
You whack the kobold!
You kill the kobold!
Makhleb accepts your kill.
You feel better.
You hit the kobold. The kobold completely misses you. The big kobold hits you.
* * * LOW HITPOINT WARNING * * *
The kobold barely misses you.
You take 1 damage, and have 27/90 hp.
You hit the kobold. The kobold hits you but does no damage.
The big kobold closely misses you.
Aim: a big kobold (heavily wounded)
The zap misses the big kobold.
The kobold misses you. x2
The big kobold completely misses you.
You take 1 damage, and have 26/90 hp.
You hit the big kobold.
Lightning courses through the big kobold!
You kill the big kobold!
Makhleb accepts your kill.
You feel better. The kobold closely misses you.
You regained 8 hp, and now have 34/90 hp.
The kobold closely misses you. The kobold misses you.
You see here a big kobold corpse.
You whack the kobold!
You kill the kobold!
Makhleb accepts your kill.
You feel better. The kobold closely misses you.
You closely miss the kobold. You hit the kobold but do no damage.
The kobold misses you.
You hit the kobold.
You kill the kobold!
Makhleb accepts your kill.
You feel better.
Things that are here:
a giant club; a giant spiked club; a two-headed ogre corpse You see here a big kobold corpse.
You see here a short sword.
Items here: ( ) †† a club; 2 stones; a kobold corpse x2
Things that are here:
a whip; 2 stones
There is an open door here.
As you open the door, it creaks loudly!
There is an open door here.
You see here 20 gold pieces.
You now have 691 gold pieces (gained 20).
You open the door.
There is an open door here.
You see here a scroll labeled LUDIUN NAXE.
G - a scroll labeled LUDIUN NAXE The orc warrior shouts!
The orc shouts! x2; You hear a shout! x2
The orc shouts! x2
Found a roughly hewn altar of Beogh.
The orc shouts!
The orc priest sings a few bars from the Orcish anthem.
The orc shouts!
For a moment, you lose track of Caim's ghost.
An ice beast comes into view.
Aim: an ice beast The stone arrow hits the ice beast.
You take 1 damage, and have 35/90 hp.
Aim: an ice beast (heavily wounded)
The glob of acid hits the ice beast.
The ice beast is splashed with acid. x2
The acid corrodes the ice beast!
You kill the ice beast!
Makhleb accepts your kill.
You feel better.
You regained 7 hp, and now have 42/90 hp.
You see here 29 stones.
You see here 3 potions of curing.
m - 5 potions of curing (gained 3)
Something barely misses you. Something hits you.
You take 1 damage, and have 41/90 hp.
You closely miss something. Something hits you but does no damage.
Something hits you. Something barely misses you. Something hits you!
You take 5 damage, and have 36/90 hp.
You whack something! Something hits you. Something barely misses you.
Something hits you!
* * * LOW HITPOINT WARNING * * *
You take 11 damage, and have 25/90 hp.
Something hits you.
* * * LOW HITPOINT WARNING * * *
You take 2 damage, and have 23/90 hp.
It was a potion of brilliance.
You feel clever all of a sudden. Something hits you.
* * * LOW HITPOINT WARNING * * *
Something hits you.
* * * LOW HITPOINT WARNING * * *
You take 7 damage, and have 16/90 hp.
A demon appears!
Something hits you!
* * * LOW HITPOINT WARNING * * *
Something hits you!
You die...

...#.......# ...#.......#
...+......<## .<# *#......#
############## ..####'######
#............. .....#....#
#.####.....### .....#....#
#.##.........#
.....#....##########.#...........
...............3@......P.........
.....#....##########.......>.....
...###..### ##* ####...P......P..
...# #..#** ...##....#..P........
......... .........##.........#
.......... ,.......(.####.....##
........... .........#........
..>..................#........
,,, * *########.#........


You could see a friendly neqoxec (wandering).

Vanquished Creatures
  3 two-headed ogres
  Pikel (D:6)
  Joseph (D:7)
  2 centaur zombies (D:10)
  A hippogriff (D:10)
  A wyvern (D:9)
  2 wraiths
  A yak (D:10)
  A shadow (D:9)
  A basilisk (D:10)
  Eustachio (D:6)
  Duvessa (D:4)
  3 orc warriors
  3 ice beasts
  A necrophage (D:7)
  3 sky beasts
  A slave (D:6)
  2 phantoms
  6 ogres
  7 centaurs
  A crocodile (D:10)
  A big kobold (D:10)
  4 bullfrogs
  Dowan (D:4)
  A water moccasin zombie (D:8)
  4 scorpions
  4 howler monkeys
  2 bullfrog zombies
  A crimson imp (D:6)
  A gnoll shaman (D:8)
  6 hounds
  A jelly (D:8)
  4 orc priests
  9 orc wizards
  Jessica (D:2)
  An iguana (D:6)
  8 worker ants
  A hound zombie (D:6)
  A hound skeleton (D:5)
  9 adders
  15 gnolls
  A shadow imp (D:9)
  An ooze (D:2)
  2 adder zombies
  An adder skeleton (D:6)
  9 worms
  2 dart slugs (D:1)
  6 leopard geckos
  39 orcs
  3 giant cockroaches
  11 hobgoblins
  6 jackals
  9 kobolds
  6 quokkas
  2 ball pythons (D:2)
  A ball python skeleton (D:5)
  13 bats
  7 frilled lizards
  11 goblins
  A leopard gecko zombie (D:9)
  6 rats
255 creatures vanquished.

Vanquished Creatures (collateral kills)
  Gastronok (D:9)
  Josephine (D:10)
  2 wraiths (D:10)
4 creatures vanquished.

Grand Total: 259 creatures vanquished

Notes
Turn   | Place    | Note
-------+----------+-------------------------------------------
     0 | D:1      | Irenicus the Deep Dwarf Monk began the quest for the Orb.
     0 | D:1      | Reached XP level 1. HP: 20/20 MP: 1/1
    77 | D:1      | Reached XP level 2. HP: 27/27 MP: 2/2
    87 | D:1      | Reached skill level 4 in Axes
   140 | D:1      | Reached XP level 3. HP: 22/33 MP: 3/3
   183 | D:1      | Found a shimmering altar of Xom.
   307 | D:1      | Reached skill level 1 in Maces & Flails
   488 | D:2      | Reached skill level 2 in Maces & Flails
   488 | D:2      | Reached XP level 4. HP: 13/40 MP: 4/4
   491 | D:2      | Found a burning altar of Makhleb.
   506 | D:2      | Noticed an Executioner
   508 | D:2      | Found a glowing silver altar of Zin.
   509 | D:2      | Noticed an angel
   513 | D:2      | Became a worshipper of Makhleb the Destroyer
   513 | D:2      | Reached * piety under Makhleb
   513 | D:2      | Reached ** piety under Makhleb
   576 | D:2      | HP: 6/40 [worm (7)]
   779 | D:2      | HP: 8/40 [worm (5)]
   785 | D:2      | HP: 2/40 [worm (6)]
   814 | D:2      | Reached skill level 3 in Maces & Flails
   824 | D:2      | HP: 4/40 [adder (2)]
   850 | D:2      | HP: 2/40 [hobgoblin/club (4)]
   996 | D:2      | Noticed Jessica
   999 | D:2      | Killed Jessica
   999 | D:2      | Reached XP level 5. HP: 32/46 MP: 5/5
  1069 | D:2      | Found a sacrificial altar of Ru.
  1338 | D:3      | Reached skill level 4 in Maces & Flails
  1537 | D:4      | Found a transporter.
  1627 | D:4      | Reached *** piety under Makhleb
  1627 | D:4      | Reached skill level 3 in Fighting
  1627 | D:4      | Reached skill level 5 in Axes
  1693 | D:4      | Noticed Dowan
  1726 | D:4      | Reached XP level 6. HP: 56/56 MP: 6/6
  1742 | D:4      | Noticed Duvessa
  1753 | D:4      | Killed Duvessa
  1753 | D:4      | Reached skill level 2 in Evocations
  1780 | D:4      | Killed Dowan
  1780 | D:4      | Reached skill level 6 in Axes
  1853 | D:4      | Found a transporter.
  1962 | D:5      | Entered Level 5 of the Dungeon
  2026 | D:5      | Reached skill level 3 in Evocations
  2060 | D:5      | Reached XP level 7. HP: 33/62 MP: 9/9
  2223 | D:5      | Reached skill level 4 in Evocations
  2312 | D:5      | Reached skill level 5 in Evocations
  2343 | D:5      | Reached skill level 7 in Axes
  2343 | D:5      | Reached skill level 1 in Invocations
  2361 | D:5      | Reached skill level 2 in Invocations
  2383 | D:6      | Found a transporter.
  2384 | D:6      | Found a transporter.
  2413 | D:6      | Reached skill level 3 in Invocations
  2415 | D:6      | HP: 12/62 [sky beast (5)]
  2418 | D:6      | Reached XP level 8. HP: 44/69 MP: 11/11
  2428 | D:6      | Reached skill level 4 in Invocations
  2610 | D:7      | Reached skill level 8 in Axes
  2662 | D:7      | Noticed Joseph
  2687 | D:6      | Reached **** piety under Makhleb
  2694 | D:6      | Found a staircase to the Ecumenical Temple.
  2719 | D:6      | Reached skill level 5 in Invocations
  2724 | D:6      | Noticed Eustachio
  2750 | D:6      | Killed Eustachio
  2750 | D:6      | Reached skill level 4 in Dodging
  2770 | D:6      | Reached skill level 9 in Axes
  2820 | D:6      | Found an ancient bone altar of Kikubaaqudgha.
  2824 | D:6      | Noticed Menkaure
  2831 | D:6      | Found a basalt altar of Yredelemnul.
  2908 | D:6      | Reached skill level 5 in Dodging
  2960 | D:6      | Noticed Pikel
  2989 | D:6      | Paralysed by Pikel for 3 turns
  2999 | D:6      | Killed Pikel
  2999 | D:6      | Reached skill level 6 in Dodging
  2999 | D:6      | Gained mutation: You passively map the area around you.
                  | [Deep Dwarf growth]
  2999 | D:6      | Reached XP level 9. HP: 44/76 MP: 12/12
  3283 | D:7      | Found a basalt altar of Yredelemnul.
  3332 | D:7      | Reached skill level 10 in Axes
  3401 | D:7      | Irenicus: ?? minor destruction
  3401 | D:7      | beem: minor destruction[1/1]: Power is based on
                  | invocations. Randomly fires one of: puff of flame, pain,
                  | stone arrow, shock (zap), acid. There is no piety cost.
                  | Costs 1hp.
  3528 | D:7      | Killed Joseph
  3528 | D:7      | Reached skill level 7 in Dodging
  3528 | D:7      | Reached skill level 6 in Invocations
  3662 | D:8      | Reached skill level 7 in Invocations
  3689 | D:8      | Reached skill level 8 in Dodging
  3696 | D:8      | Reached ***** piety under Makhleb
  3870 | D:8      | Noticed a two-headed ogre
  3879 | D:8      | Killed a two-headed ogre
  3879 | D:8      | Reached skill level 8 in Invocations
  3879 | D:8      | Reached XP level 10. HP: 56/84 MP: 14/16
  4018 | D:8      | Reached skill level 9 in Dodging
  4024 | D:8      | Found a shattered altar of Ashenzari.
  4029 | D:8      | Found an opulent altar of Gozag.
  4161 | D:8      | Found a glowing golden altar of the Shining One.
  4162 | D:8      | Found a hazy altar of Hepliaklqana.
  4163 | D:8      | Found a snail-covered altar of Cheibriados.
  4192 | D:9      | Noticed a two-headed ogre
  4216 | D:9      | Killed a two-headed ogre
  4216 | D:9      | Reached skill level 9 in Invocations
  4367 | D:9      | Reached skill level 10 in Invocations
  4381 | D:9      | Found Jelea's Magic Scroll Shoppe.
  4475 | D:9      | Reached skill level 10 in Dodging
  4711 | D:9      | Found a white marble altar of Elyvilon.
  4711 | D:9      | Found a deep blue altar of Sif Muna.
  4712 | D:9      | Noticed Gastronok
  4722 | D:9      | Killed Gastronok
  4722 | D:9      | Reached skill level 11 in Invocations
  4773 | D:10     | Entered Level 10 of the Dungeon
  4783 | D:10     | Reached skill level 11 in Axes
  4783 | D:10     | Reached XP level 11. HP: 69/90 MP: 19/19
  4823 | D:10     | Found a staircase to the Lair.
  4932 | D:10     | Found a staircase to the Orcish Mines.
  5023 | D:10     | Noticed Josephine
  5035 | D:10     | HP: 22/90 [Josephine/ghostly fireball (21)]
  5046 | D:10     | Killed Josephine
  5046 | D:10     | Reached skill level 12 in Invocations
  5074 | D:10     | Found a stormy altar of Qazlal.
  5386 | D:10     | Noticed a two-headed ogre
  5399 | D:10     | Killed a two-headed ogre
  5399 | D:10     | Reached skill level 1 in Armour
  5434 | D:10     | Found a runed gate.
  5434 | D:10     | Found a runed gate.
  5434 | D:10     | Found a runed gate.
  5441 | D:10     | Noticed Caim's ghost (journeyman DECj)
  5442 | D:10     | Found a roughly hewn altar of Beogh.
  5476 | D:10     | HP: 18/90 [something (5)]
  5477 | D:10     | HP: 3/90 [something (9)]
  5477 | D:10     | Mangled by an unseen horror

Skill      XL: |  1  2  3  4  5  6  7  8  9 10 11 |
---------------+----------------------------------+-----
Axes           | 4 5 6 7 9 10 11 | 11.7
Maces & Flails | 2 3 4 |  4.0
Fighting       | 3 |  3.3
Evocations     | 3 5 |  5.5
Invocations    | 3 5 8 11 12 | 12.2
Dodging        | 6 8 10 | 10.2
Armour         | 1 |  1.7
Stealth        | |  2.4

Action                   |  1- 3 |  4- 6 |  7- 9 | 10-12 || total
-------------------------+-------+-------+-------+-------++-------
Melee: Hand axe          |    34 |    14 |       |       ||    48
       Whip              |    58 |   181 |   267 |   216 ||   722
Invok: Minor Destruction |       |     7 |    56 |   108 ||   171
       Greater Servant o |       |       |       |     2 ||     2
       Lesser Servant of |       |       |       |     1 ||     1
 Abil: Heal Wounds       |       |     1 |       |     1 ||     2
Evoke: Wand              |       |     5 |     6 |     5 ||    16
       Sack of spiders   |       |       |       |     2 ||     2
  Use: Scroll            |     3 |     7 |     2 |     1 ||    13
       Potion            |       |     1 |     2 |     2 ||     5
 Stab: Sleeping          |     8 |     9 |     1 |     5 ||    23
       Paralysed         |       |     4 |    12 |    16 ||    32
       Distracted        |       |       |     2 |       ||     2
  Eat: Chunk             |       |     3 |     7 |     5 ||    15
Armor: Robe              |    15 |    28 |       |       ||    43
       Leather armour    |       |     4 |    40 |    40 ||    84
Dodge: Dodged            |    60 |   123 |   129 |   186 ||   498
Block: Other             |       |    15 |    32 |    28 ||    75
       Reflection        |       |       |     3 |     5 ||     8

Vault maps used:
D:1:      matt_arrival_los_fun, xom_teletrap_fun
D:2:      grunt_temple_overflow_order_and_chaos_2, marbit_many_paths,
          uniq_jessica
D:3:      uniq_grinder
D:4:      gammafunk_wand_slinger, first_ration, minmay_goblin_kobold_house,
          uniq_crazy_yiuf_cottage, uniq_duvessa
D:6:      gammafunk_temple_of_torment, temple_hall, nicolae_zen_rock_garden,
          nrook_uturn, corexii_hall_statues_l, uniq_pikel, uniq_eustachio
D:7:      lemuel_tele_altar, uniq_joseph
D:8:      grunt_temple_overflow_open, grunt_ogre_cave, serial_bayou_crossing
D:9:      chequers_temple_overflow_statue_of_worship, serial_shops, shop,
          kb_rosetta, uniq_gastronok
D:10:     david_lair_generic, erik_orc_3, biasface_ghost_orc_armoury,
          basic_altar, nicolae_qazlal_general_emergency, uniq_josephine

Table legend:
 A = Turns spent in this place as a percentage of turns spent in the entire game.
 B = Non-inter-level travel turns spent in this place as a percentage of non-inter-level travel turns spent in the entire game.
 C = Inter-level travel turns spent in this place as a percentage of turns spent in this place.
 D = Turns resting spent in this place as a percentage of non-inter-level travel turns spent in this place.
 E = Turns spent auto-exploring this place as a percentage of non-inter-level travel turns spent in this place.
 F = Non-inter-level travel turns spent in this place divided by the number of levels of this place that you've seen.
                   A       B       C       D       E      F
               +-------+-------+-------+-------+-------+----------------------
         Total | 100.0 | 100.0 |   2.6 |   0.0 |   0.0 | 533.7
       Dungeon | 100.0 | 100.0 |   2.6 |   0.0 |   0.0 | 533.7
               +-------+-------+-------+-------+-------+----------------------

Table legend:
 A = Kills in this place as a percentage of kills in entire the game.
 B = Kills by you in this place as a percentage of kills by you in the entire game.
 C = Kills by friends in this place as a percentage of kills by friends in the entire game.
 D = Other kills in this place as a percentage of other kills in the entire game.
 E = Experience gained in this place as a percentage of experience gained in the entire game.
 F = Experience gained in this place divided by the number of levels of this place that you have seen.
                   A       B       C       D       E      F
               +-------+-------+-------+-------+-------+----------------------
         Total | 100.0 | 100.0 | 100.0 |   N/A | 100.0 | 1482.0
       Dungeon | 100.0 | 100.0 | 100.0 |   N/A | 100.0 | 1482.0
               +-------+-------+-------+-------+-------+----------------------
